PAA
MYRTLE BEACH MERMEN @ SPRINGFIELD SHOOTERS
07/26/2022
 
TOP OF THE 1ST
Myrtle Beach Mermen batting - Pitching for Springfield Shooters : RHP Antonio Godfrey
Pitching: RHP Antonio Godfrey
Batting: RHB Matt Love 0-0: Swinging Strike
0-1: Foul Ball, location: 2F
0-2: Strikes out swinging
Batting: LHB Arturo Acevedo 0-0: Ball
1-0: Called Strike
1-1: Ball
2-1: Ball
3-1: Ground out 5-3 (Groundball, 5)
Batting: RHB Álex Rodríguez 0-0: Called Strike
0-1: Foul Ball, location: 2F
0-2: Ball
1-2: Strikes out looking
Top of the 1st over - 0 run(s), 0 hit(s), 0 error(s), 0 left on base; Myrtle Beach 0 - Springfield 0
BOTTOM OF THE 1ST
Springfield Shooters batting - Pitching for Myrtle Beach Mermen : RHP Willis Parker
Pitching: RHP Willis Parker
Batting: RHB Sean Godron 0-0: Ball
1-0: Foul Ball, location: 2F
1-1: Foul Ball, location: 2F
1-2: Foul Ball, location: 2F
1-2: Foul Ball, location: 2F
1-2: Ball
2-2: Ground out 6-3 (Groundball, 6)
Batting: RHB Roy Herring 0-0: Called Strike
0-1: Foul Ball, location: 2F
0-2: Ground out 5-3 (Groundball, 5L)
Batting: RHB Tom Potts 0-0: Hit by Pitch
Batting: RHB José López 0-0: Fly out, F8 (Flyball, 8RM)
Bottom of the 1st over - 0 run(s), 0 hit(s), 0 error(s), 1 left on base; Myrtle Beach 0 - Springfield 0
TOP OF THE 2ND
Myrtle Beach Mermen batting - Pitching for Springfield Shooters : RHP Antonio Godfrey
Batting: RHB Alfredo López 0-0: Ball
1-0: Called Strike
1-1: SINGLE (Groundball, 56D)
Batting: LHB Joe Cashmore 0-0: Ball
1-0: Ball
2-0: Called Strike
2-1: Swinging Strike
2-2: Foul Ball, location: 2F
2-2: Strikes out swinging
Batting: RHB Javier Robles 0-0: Called Strike
0-1: Ball
1-1: Swinging Strike
1-2: Ball
2-2: Ball
3-2: Base on Balls
Alfredo López to second
Batting: SHB Val Brown 0-0: Ball
1-0: Swinging Strike
1-1: Swinging Strike
1-2: Foul Ball, location: 2F
1-2: Fielders Choice at 2nd, U4 (Groundball, 4M)
Alfredo López to third
Batting: RHB António Ruíz 0-0: Called Strike
0-1: Ball
1-1: Called Strike
1-2: Ball
2-2: Fly out, F9 (Flyball, 9LM)
Top of the 2nd over - 0 run(s), 1 hit(s), 0 error(s), 2 left on base; Myrtle Beach 0 - Springfield 0
BOTTOM OF THE 2ND
Springfield Shooters batting - Pitching for Myrtle Beach Mermen : RHP Willis Parker
Batting: RHB Frank Crocker 0-0: Ball
1-0: Ball
2-0: Foul Ball, location: 2F
2-1: Foul Ball, location: 2F
2-2: Strikes out swinging
Batting: LHB Ray Anderson 0-0: Ball
1-0: Foul Ball, location: 2F
1-1: Foul Ball, location: 2F
1-2: Strikes out looking
Batting: RHB Jack Sloan 0-0: Ball
1-0: Foul Ball, location: 2F
1-1: Ball
2-1: Ball
3-1: Base on Balls
Batting: RHB Roberto Alonzo 0-0: SINGLE (Groundball, 56D)
Jack Sloan to second
Batting: SHB Michael Coleman 0-0: Ball
1-0: Foul Ball, location: 2F
1-1: Ball
2-1: SINGLE (Groundball, 34D)
Jack Sloan to third
Roberto Alonzo to second
Runner from 3rd tries for Home, SAFE, no throw or cutoff
Batting: RHB Sean Godron 0-0: Called Strike
0-1: Called Strike
0-2: Ball
1-2: Strikes out swinging
Bottom of the 2nd over - 1 run(s), 2 hit(s), 0 error(s), 2 left on base; Myrtle Beach 0 - Springfield 1
TOP OF THE 3RD
Myrtle Beach Mermen batting - Pitching for Springfield Shooters : RHP Antonio Godfrey
Batting: RHB Ryan Carr 0-0: Ball
1-0: Bunt for hit - play at first, batter safe!
Batting: RHB Matt Love 0-0: Ball
1-0: DOUBLE (Flyball, 9LM)
Ryan Carr to third
Batting: LHB Arturo Acevedo 0-0: Called Strike
0-1: Swinging Strike
0-2: Ball
Wild Pitch!
Ryan Carr scores
Matt Love to third
1-2: Ball
2-2: Ball
3-2: SINGLE (Line Drive, 7S)
Matt Love scores
Batting: RHB Álex Rodríguez 0-0: Called Strike
0-1: Called Strike
0-2: 2-RUN HOME RUN (Flyball, 78XD), Distance : 395 ft
Batting: RHB Alfredo López 0-0: Foul Ball, location: 2F
0-1: Ball
1-1: Called Strike
1-2: Strikes out swinging
Batting: LHB Joe Cashmore 0-0: Ball
1-0: Ball
2-0: Ball
3-0: Called Strike
3-1: Base on Balls
Batting: RHB Javier Robles 0-0: Ball
1-0: Swinging Strike
1-1: Called Strike
1-2: Strikes out swinging
Batting: SHB Val Brown 0-0: Ball
1-0: Ball
2-0: Called Strike
2-1: Called Strike
2-2: Ground out 5-3 (Groundball, 56S)
Top of the 3rd over - 4 run(s), 4 hit(s), 0 error(s), 1 left on base; Myrtle Beach 4 - Springfield 1
BOTTOM OF THE 3RD
Springfield Shooters batting - Pitching for Myrtle Beach Mermen : RHP Willis Parker
Batting: RHB Roy Herring 0-0: Fly out, F9 (Flyball, 89XD)
Batting: RHB Tom Potts 0-0: Ground out 5-3 (Groundball, 5)
Batting: RHB José López 0-0: Ball
1-0: Ball
2-0: Called Strike
2-1: Ball
3-1: Called Strike
3-2: SINGLE (Groundball, 4M)
Batting: RHB Frank Crocker 0-0: Ground out 4-3 (Groundball, 4)
Bottom of the 3rd over - 0 run(s), 1 hit(s), 0 error(s), 1 left on base; Myrtle Beach 4 - Springfield 1
TOP OF THE 4TH
Myrtle Beach Mermen batting - Pitching for Springfield Shooters : RHP Antonio Godfrey
Batting: RHB António Ruíz 0-0: Called Strike
0-1: SINGLE (Flyball, 89S)
Batting: RHB Ryan Carr 0-0: Called Strike
0-1: SINGLE (Groundball, 4MD)
António Ruíz to second
Batting: RHB Matt Love 0-0: Foul Ball, location: 2F
0-1: Fly out, F7 (Flyball, 78M)
Batting: LHB Arturo Acevedo 0-0: Fly out, F9 (Popup, 89S)
Batting: RHB Álex Rodríguez 0-0: Foul Ball, location: 2F
0-1: Swinging Strike
0-2: Strikes out looking
Top of the 4th over - 0 run(s), 2 hit(s), 0 error(s), 2 left on base; Myrtle Beach 4 - Springfield 1
BOTTOM OF THE 4TH
Springfield Shooters batting - Pitching for Myrtle Beach Mermen : RHP Willis Parker
Batting: LHB Ray Anderson 0-0: Ball
1-0: Ball
2-0: SINGLE (Line Drive, 9LS)
Batting: RHB Jack Sloan 0-0: Ball
1-0: Ball
2-0: Ball
3-0: Called Strike
3-1: Base on Balls
Ray Anderson to second
Batting: RHB Roberto Alonzo 0-0: Ball
1-0: Ball
2-0: Fly out, F4 (Popup, 34D)
Batting: SHB Michael Coleman 0-0: Ball
1-0: Foul Ball, location: 2F
1-1: Grounds into double play, 1-6-3 (Groundball, 13S)
Bottom of the 4th over - 0 run(s), 1 hit(s), 0 error(s), 1 left on base; Myrtle Beach 4 - Springfield 1
TOP OF THE 5TH
Myrtle Beach Mermen batting - Pitching for Springfield Shooters : RHP Antonio Godfrey
Batting: RHB Alfredo López 0-0: Ball
1-0: Ball
2-0: Called Strike
2-1: Ball
3-1: Foul Ball, location: 2F
3-2: Base on Balls
Batting: LHB Joe Cashmore 0-0: Called Strike
0-1: Foul Ball, location: 2F
0-2: Strikes out swinging
Batting: RHB Javier Robles 0-0: Ball
1-0: Called Strike
1-1: Foul Ball, location: 2F
1-2: Ball
2-2: Ball
3-2: Fly out, F9 (Flyball, 89S)
Batting: SHB Val Brown 0-0: Called Strike
0-1: Ball
1-1: Foul Ball, location: 2F
1-2: Hit by Pitch
Alfredo López to second
Batting: RHB António Ruíz 0-0: Ball
1-0: Ground out 3-1 (Groundball, 34)
Top of the 5th over - 0 run(s), 0 hit(s), 0 error(s), 2 left on base; Myrtle Beach 4 - Springfield 1
BOTTOM OF THE 5TH
Springfield Shooters batting - Pitching for Myrtle Beach Mermen : RHP Willis Parker
Batting: RHB Sean Godron 0-0: Called Strike
0-1: Fly out, F9 (Flyball, 9M)
Batting: RHB Roy Herring 0-0: Ground out 6-3 (Groundball, 6M)
Batting: RHB Tom Potts 0-0: Called Strike
0-1: Ball
1-1: Foul Ball, location: 2F
1-2: Ball
2-2: Ground out 6-3 (Groundball, 6M)
Bottom of the 5th over - 0 run(s), 0 hit(s), 0 error(s), 0 left on base; Myrtle Beach 4 - Springfield 1
TOP OF THE 6TH
Myrtle Beach Mermen batting - Pitching for Springfield Shooters : RHP Antonio Godfrey
Batting: RHB Ryan Carr 0-0: Foul Ball, location: 2F
0-1: Ball
1-1: Fly out, F7 (Line Drive, 7S)
Batting: RHB Matt Love 0-0: Ball
1-0: Ground out 6-3 (Groundball, 6M)
Batting: LHB Arturo Acevedo 0-0: Ball
1-0: Called Strike
1-1: Foul Ball, location: 2F
1-2: Ball
2-2: Ball
3-2: Foul Ball, location: 2F
3-2: Foul Ball, location: 2F
3-2: SINGLE (Groundball, 56D)
Batting: RHB Álex Rodríguez 0-0: Called Strike
0-1: SINGLE (Groundball, 4MD)
Arturo Acevedo to second
Batting: RHB Alfredo López 0-0: Called Strike
0-1: Ball
1-1: Called Strike
1-2: Ball
2-2: Fly out, F6 (Line Drive, 6)
Top of the 6th over - 0 run(s), 2 hit(s), 0 error(s), 2 left on base; Myrtle Beach 4 - Springfield 1
BOTTOM OF THE 6TH
Springfield Shooters batting - Pitching for Myrtle Beach Mermen : RHP Willis Parker
Batting: RHB José López 0-0: Foul Ball, location: 2F
0-1: Ball
1-1: Ground out 6-3 (Groundball, 6)
Batting: RHB Frank Crocker 0-0: Ball
1-0: Swinging Strike
1-1: Ball
2-1: Foul Ball, location: 2F
2-2: Fly out, F1 (Line Drive, 13)
Batting: LHB Ray Anderson 0-0: Called Strike
0-1: Swinging Strike
0-2: Ball
1-2: Strikes out looking
Bottom of the 6th over - 0 run(s), 0 hit(s), 0 error(s), 0 left on base; Myrtle Beach 4 - Springfield 1
TOP OF THE 7TH
Myrtle Beach Mermen batting - Pitching for Springfield Shooters : RHP Antonio Godfrey
Batting: LHB Joe Cashmore 0-0: Ball
1-0: Swinging Strike
1-1: Foul Ball, location: 2F
1-2: Foul Ball, location: 2F
1-2: Ball
2-2: Ground out 4-3 (Groundball, 4M)
Batting: RHB Javier Robles 0-0: Ground out 4-3 (Groundball, 4)
Batting: SHB Val Brown 0-0: Called Strike
0-1: Ball
1-1: SINGLE (Groundball, 4MD)
Pitching: RHP Sam Green
Batting: RHB António Ruíz 0-0: Called Strike
0-1: Fly out, F8 (Flyball, 8RM)
Top of the 7th over - 0 run(s), 1 hit(s), 0 error(s), 1 left on base; Myrtle Beach 4 - Springfield 1
BOTTOM OF THE 7TH
Springfield Shooters batting - Pitching for Myrtle Beach Mermen : RHP Willis Parker
Batting: RHB Jack Sloan 0-0: Ball
1-0: Foul Ball, location: 2F
1-1: Foul Ball, location: 2F
1-2: Ball
2-2: Fly out, F9 (Flyball, 9M)
Batting: RHB Roberto Alonzo 0-0: Called Strike
0-1: Ball
1-1: Ball
2-1: SINGLE (Groundball, 56)
Batting: SHB Michael Coleman 0-0: Called Strike
0-1: Fly out, F9 (Line Drive, 89S)
Batting: RHB Sean Godron 0-0: Called Strike
0-1: Ball
1-1: Ball
2-1: Foul Ball, location: 2F
2-2: Strikes out swinging
Bottom of the 7th over - 0 run(s), 1 hit(s), 0 error(s), 1 left on base; Myrtle Beach 4 - Springfield 1
TOP OF THE 8TH
Myrtle Beach Mermen batting - Pitching for Springfield Shooters : RHP Sam Green
Batting: RHB Ryan Carr 0-0: Bunt for hit - play at first, batter OUT! 1-3
Batting: RHB Matt Love 0-0: Swinging Strike
0-1: Ball
1-1: Called Strike
1-2: Foul Ball, location: 2F
1-2: Ball
2-2: Strikes out looking
Batting: LHB Arturo Acevedo 0-0: Foul Ball, location: 2F
0-1: Ball
1-1: Ball
2-1: SINGLE (Line Drive, 78M)
Batting: RHB Álex Rodríguez 0-0: Ball
1-0: Ball
2-0: Ball
3-0: Ground out 6-3 (Groundball, 6)
Top of the 8th over - 0 run(s), 1 hit(s), 0 error(s), 1 left on base; Myrtle Beach 4 - Springfield 1
BOTTOM OF THE 8TH
Springfield Shooters batting - Pitching for Myrtle Beach Mermen : RHP Willis Parker
Batting: RHB Roy Herring 0-0: Called Strike
0-1: Foul Ball, location: 2F
0-2: Foul Ball, location: 2F
0-2: SINGLE (Groundball, 56D)
Batting: RHB Tom Potts 0-0: Swinging Strike
0-1: Swinging Strike
0-2: Ball
1-2: Foul Ball, location: 2F
1-2: Foul Ball, location: 2F
1-2: Ball
2-2: Grounds into double play, 4-6-3 (Groundball, 4)
Batting: RHB José López 0-0: Foul Ball, location: 2F
0-1: Ground out 4-3 (Groundball, 4)
Bottom of the 8th over - 0 run(s), 1 hit(s), 0 error(s), 0 left on base; Myrtle Beach 4 - Springfield 1
TOP OF THE 9TH
Myrtle Beach Mermen batting - Pitching for Springfield Shooters : RHP Sam Green
Batting: RHB Alfredo López 0-0: Ground out 1-3 (Groundball, 15)
Batting: LHB Joe Cashmore 0-0: Swinging Strike
0-1: Ball
1-1: Ball
2-1: Ball
3-1: Base on Balls
Batting: RHB Javier Robles 0-0: Ball
1-0: Ball
2-0: Called Strike
2-1: Ball
3-1: Base on Balls
Joe Cashmore to second
Batting: SHB Val Brown 0-0: Ball
1-0: Ball
2-0: SINGLE (Line Drive, 7S)
Joe Cashmore to third
Javier Robles to second
Runner from 3rd tries for Home, SAFE, throw made home
Batting: RHB António Ruíz 0-0: Ball
1-0: Called Strike
1-1: Foul Ball, location: 2F
1-2: Foul Ball, location: 2F
1-2: SINGLE (Groundball, 56D)
Javier Robles to third
Val Brown to second
Runner from 3rd tries for Home, throw and OUT!
Pitching: RHP Del Green
Batting: RHB Ryan Carr 0-0: Ball
1-0: Called Strike
1-1: Ball
2-1: Fly out, F8 (Flyball, 8RM)
Top of the 9th over - 1 run(s), 2 hit(s), 0 error(s), 2 left on base; Myrtle Beach 5 - Springfield 1
BOTTOM OF THE 9TH
Springfield Shooters batting - Pitching for Myrtle Beach Mermen : RHP Willis Parker
Pitching: RHP Manuel Carrión
Batting: RHB Frank Crocker 0-0: Foul Ball, location: 2F
0-1: Swinging Strike
0-2: Strikes out swinging
Batting: LHB Ray Anderson 0-0: Ball
1-0: Ball
2-0: Foul Ball, location: 2F
2-1: Foul Ball, location: 2F
2-2: Ball
3-2: Strikes out swinging
Batting: RHB Jack Sloan 0-0: Ball
1-0: Called Strike
1-1: SINGLE (Groundball, 56D)
Batting: RHB Roberto Alonzo 0-0: Ball
1-0: Called Strike
1-1: Called Strike
1-2: Strikes out looking
Bottom of the 9th over - 0 run(s), 1 hit(s), 0 error(s), 1 left on base; Myrtle Beach 5 - Springfield 1
This league is powered by Out of the Park Baseball, the baseball management simulation game for PC, Mac and Linux
Friday, April 15th, 2016 - OOTP Baseball 16.9 Build 39